 Dungeon Crawl Stone Soup version 0.17-a0-1979-g1c74939 (webtiles) character file.

116 Shim the Grasshopper (level 4, 0/30 HPs)
             Began as a High Elf Warper on Oct 5, 2015.
             Slain by a hound (3 damage)
             ... on level 2 of the Dungeon.
             The game lasted 00:14:51 (4944 turns).

Shim the Grasshopper (High Elf Warper)              Turns: 4944, Time: 00:14:51

Health: 0/30       AC:  8    Str: 14    XL:     4   Next: 70%
Magic:  3/8        EV:  8    Int: 16    God:
Gold:   123        SH:  0    Dex: 16    Spells: 2 memorised, 5 levels left

rFire  . . .     SeeInvis .     a - +0 short sword
rCold  . . .     Clarity  .     b - +1 leather armour
rNeg   . . .     SustAt   .     (no shield)
rPois  .         Gourm    .     (no helmet)
rElec  .         Spirit   .     (no cloak)
rCorr  .         Warding  .     (no gloves)
rMut   .         Stasis   .     (no boots)
MR     .....                    (no amulet)
Stlth  ++........               o - +4 ring of protection
                                n - +4 ring of strength (curse)

@: not resistant to hostile enchantments, unstealthy
A: no striking features
a: no special abilities


You were on level 2 of the Dungeon.
You were not hungry.

You visited 1 branch of the dungeon, and saw 2 of its levels.

You collected 123 gold pieces.

Inventory:

Hand Weapons
 a - a +0 short sword (weapon)
Missiles
 e - 4 tomahawks of dispersal (quivered)
 s - 5 poisoned needles
Armour
 b - a +1 leather armour (worn)
Jewellery
 n - a cursed +4 ring of strength (left hand)
 o - a +4 ring of protection (right hand)
Scrolls
 d - a scroll of blinking
 h - a scroll of enchant armour
 j - a scroll of remove curse {unknown}
 p - 2 scrolls of identify {unknown}
 r - 2 scrolls of teleportation {unknown}
Potions
 g - 2 potions of heal wounds {unknown}
 i - a potion of lignification {unknown}
 k - 2 potions of curing {unknown}
Books
 c - a book of Spatial Translocations

   Spells                             Type                      Level
   a - Apportation                    Translocation                1
   b - Blink                          Translocation                2
   c - Shroud of Golubria             Charms/Translocation         2
   d - Portal Projectile              Translocation                3
   e - Teleport Other                 Translocation                3
   f - Passage of Golubria            Translocation                4
Comestibles
 l - a slice of pizza


   Skills:
 + Level 2.5 Fighting
 + Level 3.6 Short Blades
 + Level 1.3 Throwing
 + Level 1.6 Armour
 + Level 2.9 Dodging
 + Level 1.3 Stealth
 + Level 2.6 Spellcasting
 + Level 3.8 Translocations


You had 5 spell levels left.
You knew the following spells:

 Your Spells              Type           Power        Failure   Level  Hunger
a - Apportation           Tloc           ##........   8%          1    #......
b - Blink                 Tloc           N/A          10%         2    ##.....


Dungeon Overview and Level Annotations

Branches:
Dungeon (2/15)

Altars:

Annotations:
D:2 Terence


Message History

* * * LOW HITPOINT WARNING * * *
The hound barely misses you.
You hit the hound.
The hound is heavily wounded.
The hound bites you but does no damage. The hound bites you but does no damage.
The hound bites you.
* * * LOW HITPOINT WARNING * * *
The hound closely misses you.
You see here 15 stones.
You miss the hound.
The hound is heavily wounded.
The hound bites you but does no damage. The hound closely misses you.
Casting: Blink
Confirm with . or Enter, or press ? or * to list all spells.
You blink.
There is a stone staircase leading down here.
The hound bites you.
You die...

####### #.....#
###########.....##
#...h..g..(.......
#.#########.....##
#.###### #######
#h##...###########
#@.....'(........g
####.##...###########
#....##...# ###
####.##.##...# #..
#.......##############..
#..P.P..................
####†##########........#
+.. #........# #...
#........#


You could see a hound.

Vanquished Creatures
  A hound (D:2)
  Natasha (twice) (D:2)
  An adder (D:2)
  2 giant geckos
  A giant cockroach (D:2)
  6 hobgoblins (D:1)
  6 bats
  4 giant newts (D:2)
  4 goblins
  9 kobolds
  9 rats
45 creatures vanquished.

Notes
Turn   | Place    | Note
--------------------------------------------------------------
     0 | D:1      | Shim the High Elf Warper began the quest for the Orb.
     0 | D:1      | Reached XP level 1. HP: 14/14 MP: 4/4
  1191 | D:1      | Reached XP level 2. HP: 19/19 MP: 6/6
  1196 | D:1      | Reached skill level 1 in Armour
  2906 | D:2      | Learned a level 2 spell: Blink
  2962 | D:2      | Reached XP level 3. HP: 21/24 MP: 7/7
  3274 | D:2      | Noticed Natasha
  3289 | D:2      | Killed Natasha
  3462 | D:2      | Noticed Natasha
  3468 | D:2      | Killed Natasha
  3468 | D:2      | Reached XP level 4. HP: 21/30 MP: 8/8
  4100 | D:2      | Noticed Terence
  4568 | D:2      | Reached skill level 1 in Stealth
  4931 | D:2      | HP: 1/30 [hound (3)]
  4944 | D:2      | Slain by a hound

Vault maps used:
D:1:      ncdulo_smallfort, roderic_serpentine_path, due_unseen_surprise
D:2:      cheibrodos_gnoll_hut, uniq_terence, uniq_natasha

Action                   |  1- 3 |  4- 6 || total
-------------------------+-------+-------++-------
Melee: Short sword       |   119 |    65 ||   184
Throw: Throwing net      |     3 |     1 ||     4
       Tomahawk          |     1 |       ||     1
 Cast: Apportation       |     1 |       ||     1
       Blink             |       |     6 ||     6
  Use: Scroll            |     3 |       ||     3
 Stab: Held in net/web   |     2 |       ||     2
       Sleeping          |       |     1 ||     1
  Eat: Chunk             |     3 |     1 ||     4
       Meat ration       |     1 |       ||     1
       Bread ration      |       |     1 ||     1
